 Dungeon Crawl Stone Soup version 0.17-a0-1636-g3119f2b (console) character file.

107 maniek23 the Sneak (level 4, 0/34 HPs)
             Began as a Demonspawn Assassin on Aug 5, 2015.
             Slain by an orc wizard
             ... wielding a +0 dagger
              (3 damage)
             ... on level 3 of the Dungeon.
             The game lasted 00:10:01 (1652 turns).

maniek23 the Sneak (Demonspawn Assassin)            Turns: 1652, Time: 00:10:01

Health: 0/34       AC:  3    Str: 12    XL:     4   Next: 57%
Magic:  4/4        EV: 12    Int: 12    God:
Gold:   80         SH:  0    Dex: 15    Spells: 0 memorised, 3 levels left

rFire  . . .     SeeInvis .     a - +2 dagger
rCold  . . .     Clarity  .     c - +0 robe
rNeg   . . .     SustAt   .     (no shield)
rPois  .         Gourm    .     (no helmet)
rElec  .         Spirit   .     d - +0 cloak
rCorr  .         Warding  .     (no gloves)
rMut   .         Stasis   .     (no boots)
MR     .....                    (no amulet)
Stlth  ++++......               (no ring)
                                (no ring)

@: not resistant to hostile enchantments, stealthy
A: demonic guardian 1, nightstalker 1
a: no special abilities


You were on level 3 of the Dungeon.
You were not hungry.

You visited 1 branch of the dungeon, and saw 3 of its levels.

You collected 80 gold pieces.

Inventory:

Hand weapons
 a - a +2 dagger (weapon)
 b - a +0 blowgun
Missiles
 e - 20 poisoned needles (quivered)
 f - 2 curare-tipped needles
Armour
 c - a +0 robe (worn)
 d - a +0 cloak (worn)
 n - a +0 chain mail
Jewellery
 l - an uncursed ring of positive energy {unknown}
 s - an uncursed ring of poison resistance {unknown}
Scrolls
 i - 2 scrolls of recharging {unknown}
 j - 2 scrolls of enchant weapon {unknown}
 m - a scroll of teleportation {unknown}
 o - a scroll of magic mapping {unknown}
 q - a scroll of remove curse {unknown}
Potions
 h - a potion of lignification {unknown}
 p - a potion of agility {unknown}
 r - a potion of degeneration {unknown}
Comestibles
 g - 3 bread rations
 k - a meat ration
 t - 7 chunks of flesh


   Skills:
 + Level 2.7 Fighting
 + Level 2.3 Short Blades
 + Level 2.5 Throwing
 + Level 1.6 Dodging
 + Level 4.3 Stealth


You had 3 spell levels left.
You didn't know any spells.

Dungeon Overview and Level Annotations

Branches:
Dungeon (3/15)

Altars:
Xom


Innate Abilities, Weirdness & Mutations

A weak demonic guardian rushes to your aid.
You are slightly more attuned to the shadows.


Message History

Your quasit closely misses the orc wizard.
Your quasit barely misses the orc wizard.
Your quasit closely misses the orc wizard.
Your quasit disappears in a puff of smoke!
You completely miss the orc wizard.
The orc wizard is lightly wounded.
The orc wizard closely misses you.
You hit the orc wizard but do no damage.
The orc wizard is lightly wounded.
You hit the orc wizard.
The orc wizard is lightly wounded.
The orc wizard barely misses you.
You hit the orc wizard.
The orc wizard is moderately wounded.
The orc wizard hits you with a dagger.
* * * LOW HITPOINT WARNING * * *
You hit the orc wizard.
The orc wizard is moderately wounded.
The orc wizard hits you with a dagger.
You die...

.## ... ## ... .
#.# #.# #
..####.####.# .####
............# .....
#.# #). .# #. .##
#@# #.# .# #.
....##o####.###.##
##.
.....()...#รท##...#
#..
###..(....).##..#
##. ##.#.##.#.##..#
#. #.###(#.#.....#
#. ## ##.####.$##
##. #.# #...# #..
#!# #.#.+##+..


You could see an orc wizard.

Vanquished Creatures
  6 adders
  A worm (D:2)
  An orc (D:3)
  A ball python (D:1)
  9 bats
  3 giant cockroaches
  3 goblins (D:1)
  8 hobgoblins
  5 kobolds
  2 giant newts (D:1)
  4 jackals (D:2)
  4 rats
47 creatures vanquished.

Vanquished Creatures (collateral kills)
  An orc (D:3)
1 creature vanquished.

Grand Total: 48 creatures vanquished

Notes
Turn   | Place    | Note
--------------------------------------------------------------
     0 | D:1      | maniek23 the Demonspawn Assassin began the quest for the Orb.
     0 | D:1      | Reached XP level 1. HP: 16/16 MP: 1/1
   152 | D:1      | Gained mutation: You are slightly more attuned to the shadows. [demonic ancestry]
   152 | D:1      | Reached XP level 2. HP: 22/22 MP: 2/2
   326 | D:1      | Reached skill level 4 in Stealth
   454 | D:1      | Reached skill level 1 in Dodging
   722 | D:2      | Reached XP level 3. HP: 26/28 MP: 3/3
   960 | D:2      | Gained mutation: A weak demonic guardian rushes to your aid. [demonic ancestry]
   960 | D:2      | Reached XP level 4. HP: 34/34 MP: 4/4
  1011 | D:2      | Found a shimmering altar of Xom.
  1652 | D:3      | Slain by an orc wizard

Vault maps used:
D:1:      dpeg_arrival_tiny_f
D:2:      lemuel_coloured_pillars_altar, kennysheep_generic_room_3
D:3:      first_bread, gup_sewer_entry_bowl, minmay_close_crescents

Action                   |  1- 3 |  4- 6 || total
-------------------------+-------+-------++-------
Melee: Dagger            |    99 |    59 ||   158
 Stab: Sleeping          |    13 |     3 ||    16
  Eat: Chunk             |       |     2 ||     2
